 Dungeon Crawl Stone Soup version 0.15-a0-1866-g491fd59 (webtiles) character file.

2419 Kenran the Basher (level 9, -14/70 HPs)
             Began as a Minotaur Fighter on July 4, 2014.
             Demolished by a large abomination (18 damage)
             ... on Level 1 of the Abyss.
             The game lasted 00:17:39 (6631 turns).

Kenran the Basher (Minotaur Fighter)                Turns: 6631, Time: 00:17:39

HP -14/70        AC 10     Str 20      XL: 9   Next: 24%
MP   4/4         EV  6     Int  5      God:
Gold 436         SH  9     Dex 14      Spells:  0 memorised,  8 levels left

rFire  . . .     SeeInvis .     a - +1 flail
rCold  . . .     Clarity  .     b - +0 scale mail
rNeg   . . .     rCorr    .     c - +0 shield
rPois  .         rRot     .     (helmet restricted)
rElec  .         Spirit   .     m - +0 cloak
SustAb .         Warding  .     (no gloves)
rMut   .         Stasis   .     l - +1 pair of boots
Gourm  .                        (no amulet)
MR     .....                    (no ring)
                                (no ring)

@: not resistant to hostile enchantments, extremely unstealthy
A: retaliatory headbutt, horns 2
a: no special abilities


You were on level 1 of the Abyss.
You were not hungry.

You visited 2 branches of the dungeon, and saw 9 of its levels.
You visited the Abyss 1 time.

You collected 436 gold pieces.

Inventory:

Hand weapons
 a - a +1 flail (weapon)
Armour
 b - a +0 scale mail (worn)
 c - a +0 shield (worn)
 l - a +1 pair of boots (worn)
 m - a +0 cloak (worn)
Magical devices
 q - a wand of lightning (4) {unknown}
 x - a wand of polymorph (12) {unknown}
 A - a wand of heal wounds (5) {unknown}
 D - a wand of lightning (6) {unknown}
Comestibles
 d - 8 bread rations
 k - 6 meat rations
 t - 2 rotting chunks of hobgoblin flesh
 z - 5 beef jerkies
Scrolls
 i - 3 scrolls of enchant weapon
 p - a scroll of magic mapping
 s - 3 scrolls of remove curse
 y - 2 scrolls of amnesia
 C - a scroll of teleportation
Jewellery
 v - an uncursed amulet of resist mutation {unknown}
 w - an uncursed ring of protection from cold {unknown}
Potions
 e - 3 potions of might
 f - a potion of magic
 g - a potion of restore abilities {unknown}
 h - a potion of heal wounds {unknown}
 j - 2 potions of agility {unknown}
 n - a potion of haste {unknown}
 o - 2 potions of flight {unknown}
 r - a potion of curing {unknown}
 u - a potion of brilliance {unknown}
 B - a potion of paralysis {unknown}


   Skills:
 - Level 3.6 Fighting
 + Level 14.3 Maces & Flails
 - Level 3.6 Armour
 - Level 3.6 Shields


You had 8 spell levels left.
You didn't know any spells.

Dungeon Overview and Level Annotations

Branches:
Dungeon (8/15)             Temple (1/1) D:6
   Lair: D:8-11

Altars:
Ashenzari
Cheibriados
Dithmenos
Elyvilon
Gozag
Kikubaaqudgha
Nemelex Xobeh
Okawaru
Qazlal
Sif Muna
Trog
Vehumet
Xom
Yredelemnul
Zin
The Shining One
Jiyva

Shops:
D:6 [   D:8 (

Annotations:
D:8 Psyche


Innate Abilities, Weirdness & Mutations

You reflexively headbutt those who attack you in melee.
You have a pair of horns on your head.


Message History

You are feeling hungry.
Eat which item? (? for menu, Esc to quit)
You continue eating.
You finish eating.
That beef jerky was delicious!
Found 12 stones.
A small abomination comes into view.
A white imp comes into view.
The white imp shouts!
A large abomination comes into view.
A large abomination comes into view.
The large abomination hits you!!
Found a scroll of identify and a ring mail.
The white imp gestures at you. The puff of frost hits you!
The large abomination hits you!!
* * * LOW HITPOINT WARNING * * *
The white imp gestures at you. The puff of frost hits you!
* * * LOW HITPOINT WARNING * * *
The large abomination hits you!!
You die...

#
.#...######..##.
. #.#.# #5.. ..#
# # #..#.# ##
##. # # ##.###
##.# # #..#.# #.
##..##### ### #
#.##.# #.5@##
###X.## ##..#
##.# ###


You could see a large abomination and a white imp.

Vanquished Creatures
  A hippogriff (D:7)
  2 sky beasts
  2 orc warriors (D:7)
  An ice beast (D:7)
  2 centaurs
  3 ogres
  2 phantoms (D:5)
  3 giant frogs
  A water moccasin zombie (D:6)
  A scorpion (D:4)
  2 crimson imps
  3 goliath beetles (D:6)
  3 hounds
  3 orc priests (D:3)
  A giant frog skeleton (D:7)
  Crazy Yiuf (D:2)
  A centaur skeleton (D:7)
  A jelly (D:5)
  2 orc wizards
  3 worker ants
  3 iguanas
  Ijyb (D:6)
  An ogre skeleton (D:8)
  A big kobold skeleton (D:6)
  Terence (D:2)
  6 adders
  A shadow imp (D:6)
  An orc skeleton (D:6)
  A giant mite (D:6)
  An inept feature mimic (D:5)
  A worm (D:2)
  A giant gecko (D:7)
  2 oozes (D:1)
  32 orcs
  2 ball pythons
  12 bats
  A bat skeleton (D:4)
  A bat zombie (D:2)
  3 giant cockroaches (D:1)
  14 goblins
  17 hobgoblins
  17 jackals
  11 kobolds
  4 quokkas
  3 giant newts
  A hobgoblin skeleton (D:4)
  A quokka zombie (D:8)
  9 rats
  2 rat zombies (D:2)
189 creatures vanquished.

Notes
Turn   | Place    | Note
--------------------------------------------------------------
     0 | D:1      | Kenran, the Minotaur Fighter, began the quest for the Orb.
     0 | D:1      | Reached XP level 1. HP: 19/19 MP: 1/1
    77 | D:1      | Reached XP level 2. HP: 24/26 MP: 1/1
   381 | D:1      | Reached skill level 4 in Maces & Flails
   466 | D:1      | Found a shattered altar of Ashenzari.
   538 | D:1      | Reached XP level 3. HP: 31/31 MP: 2/2
   686 | D:2      | Noticed Terence
   696 | D:2      | Killed Terence
   896 | D:2      | Reached skill level 5 in Maces & Flails
   956 | D:2      | Noticed Crazy Yiuf
   964 | D:2      | Killed Crazy Yiuf
   964 | D:2      | Reached XP level 4. HP: 33/39 MP: 2/2
  1218 | D:2      | Found an ancient bone altar of Kikubaaqudgha.
  1364 | D:3      | Reached skill level 6 in Maces & Flails
  1364 | D:3      | Reached XP level 5. HP: 41/45 MP: 2/2
  1637 | D:3      | Reached skill level 7 in Maces & Flails
  1661 | D:3      | Found a stormy altar of Qazlal.
  1661 | D:3      | Found a white marble altar of Elyvilon.
  2357 | D:4      | Reached XP level 6. HP: 46/51 MP: 3/3
  2638 | D:4      | Reached skill level 8 in Maces & Flails
  2901 | D:4      | Found an iron altar of Okawaru.
  3218 | D:5      | Entered Level 5 of the Dungeon
  3237 | D:5      | Reached skill level 9 in Maces & Flails
  3418 | D:5      | Reached XP level 7. HP: 53/57 MP: 3/3
  3577 | D:5      | Reached skill level 10 in Maces & Flails
  3636 | D:5      | Found a radiant altar of Vehumet.
  3809 | D:5      | Found an opulent altar of Gozag.
  3810 | D:5      | Found a glowing silver altar of Zin.
  4022 | D:6      | Found Rauts' Antique Armour Shop.
  4173 | D:6      | Reached skill level 11 in Maces & Flails
  4349 | D:6      | Found a staircase to the Ecumenical Temple.
  4378 | D:6      | Noticed Ijyb
  4384 | D:6      | Killed Ijyb
  4422 | Temple   | Entered the Ecumenical Temple
  4613 | D:6      | Reached XP level 8. HP: 64/64 MP: 3/3
  4994 | D:6      | Reached skill level 12 in Maces & Flails
  5512 | D:7      | Reached skill level 13 in Maces & Flails
  5814 | D:7      | Reached XP level 9. HP: 63/70 MP: 4/4
  6079 | D:7      | Reached skill level 14 in Maces & Flails
  6392 | D:8      | Found Yviputuh's Antique Weapon Shop.
  6495 | D:8      | Noticed Psyche
  6499 | D:8      | Cast into the Abyss (Psyche)
  6582 | Abyss:1  | Noticed a large abomination
  6601 | Abyss:1  | Noticed a large abomination
  6631 | Abyss:1  | Demolished by a large abomination

Action                   |  1- 3 |  4- 6 |  7- 9 || total
-------------------------+-------+-------+-------++-------
Melee: Flail             |   106 |   199 |   265 ||   570
  Use: Scroll            |     4 |     2 |     6 ||    12
